Map: Abyssal Reef LE

Players

Minato - Winner!

  • Race: Zerg Zerg
  • Spawn Location: 11:00

MythiC

  • Race: Terran Terran
  • Spawn Location: 5:00

Event: WCS Valencia 2017

VOD

Have the link to the VOD?

Description

Time

  • Played on: July 13, 2017, 8:40 a.m.
  • Length: 6:55

All games in this series

Show
View Real Time Build Order
Export as new Build Order

Minato Zerg - Winner!

Build Orders: Pool First 

Get SALT Encoding   

  12  0:00  Drone  
  13  0:12  Overlord  
  13  0:17  Drone  
  14  0:31  Drone x2  
  16  0:40  Extractor  
  15  0:44  Spawning Pool  
  15  0:47  Drone  
  15  0:51  Drone  
  15  0:57  Drone  
  17  1:20  Hatchery  
  16  1:26  Drone  
  16  1:31  Zergling x2  
  18  1:40  Roach Warren  
  18  1:42  Drone  
  18  1:52  Drone  
  19  2:01  Overlord  
  19  2:20  Roach x2  
  23  2:23  Roach  
  23  2:24  Queen  
  27  2:33  Roach  
  29  2:39  Queen  
  32  2:44  Drone  
  32  2:54  Drone x3  
  35  3:01  Overlord  
  35  3:13  Ravager  
  36  3:20  Ravager x2  
  36  3:21  Drone x4  
  42  3:27  Drone x2  
  44  3:45  Hatchery  
  42  3:52  Drone  
  43  4:06  Metabolic Boost  
  43  4:07  Overlord x3  
  41  4:25  Zergling x2  
  41  4:26  Zergling x18  
  51  4:39  Zergling x8  
  55  4:53  Zergling x6  
  55  4:54  Zergling x2  
  55  4:56  Overlord  
  59  5:01  Overlord x2  
  59  5:12  Overlord  
  59  5:13  Overlord  
  59  5:16  Roach x4  
  59  5:19  Roach  
  69  5:24  Roach  
  66  5:29  Roach  
  66  5:33  Roach x2  
  70  5:41  Roach x3  
  72  5:43  Zergling x2  
  68  5:50  Queen  
  70  6:00  Zergling x8  
  70  6:01  Zergling x2  
  75  6:07  Drone x3  
  75  6:10  Extractor  
  76  6:24  Drone x7  
  78  6:30  Drone  
  69  6:42  Drone x8  
Show
View Real Time Build Order
Export as new Build Order

MythiC Terran 

Build Orders: Cyclone Opening, Reaper Expand 

Get SALT Encoding   

  12  0:00  SCV  
  13  0:13  SCV  
  14  0:17  Supply Depot  
  14  0:25  SCV  
  15  0:29  Refinery  
  15  0:38  SCV  
  16  0:45  Barracks  
  16  0:50  SCV  
  17  1:03  SCV  
  18  1:15  SCV  
  19  1:33  Orbital Command  
  19  1:34  Reaper  
  20  1:46  Command Center  
  20  1:57  Factory  
  20  2:01  SCV  
  20  2:06  Barracks Reactor  
  21  2:11  Refinery  
  21  2:13  SCV  
  22  2:20  Supply Depot  
  22  2:25  SCV  
  23  2:42  SCV, Starport  
  26  2:54  Cyclone  
  26  2:55  Marine  
  28  3:01  Orbital Command, Supply Depot  
  28  3:05  Cyclone  
  30  3:10  SCV  
  31  3:13  Marine  
  32  3:26  Cyclone  
  35  3:30  SCV  
  36  3:40  Cyclone  
  38  3:42  SCV, Marine  
  38  3:43  Supply Depot  
  38  3:46  Supply Depot  
  40  3:56  SCV  
  40  3:57  Orbital Command  
  41  4:07  Hellion  
  41  4:08  Barracks Tech Lab, SCV  
  44  4:12  Hellion  
  46  4:20  SCV  
  46  4:23  SCV  
  48  4:26  Starport  
  50  4:31  Hellion  
  50  4:32  SCV  
  50  4:34  Hellion  
  50  4:35  SCV  
  54  4:41  Supply Depot  
  54  4:45  SCV, Marine  
  55  4:47  SCV  
  55  4:52  Supply Depot  
  57  4:57  SCV  
  58  5:00  Hellion  
  58  5:01  Hellion, Armory  
  58  5:05  SCV  
  63  5:12  SCV  
  64  5:18  SCV  
  65  5:25  SCV  
  60  5:34  Banshee  
  60  5:35  Hellion x2  
  59  5:39  SCV  
  51  5:47  SCV  
  42  5:51  SCV  
  42  5:56  Hellion x2  
  39  6:04  SCV  
  39  6:17  Hellion x2  
  46  6:23  SCV  
  31  6:35  SCV  
Tags
 
Add a new tag
Caveats
  • Supply blocks, unpowered buildings, or Contaminate may cause inaccurate times.
  • Supply counts are checked every 10 seconds.